 Dungeon Crawl Stone Soup version 0.25.0-10-g039870ee82 (webtiles) character file.

Game seed: 18164532975214650148

5 Lavandula the Vexing (level 1, 7/18 HPs)
             Began as a Naga Arcane Marksman on June 23, 2020.
             Quit the game on level 2 of the Dungeon.
             The game lasted 00:00:53 (90 turns).

Lavandula the Vexing (Naga Arcane Marksman)           Turns: 90, Time: 00:00:54

Health: 7/18       AC:  1    Str: 12    XL:     1   Next: 80%
Magic:  2/2        EV: 10    Int: 13    God:
Gold:   0          SH:  0    Dex: 11    Spells: 1/2 levels left

rFire    . . .     SeeInvis +   a - +0 shortbow
rCold    . . .     Gourm    .   (shield currently unavailable)
rNeg     . . .     Faith    .   e - +0 robe
rPois    +         Spirit   .   (no helmet)
rElec    .         Reflect  .   (no cloak)
rCorr    .         Harm     .   (no gloves)
MR       .....                  (no barding)
Stlth    +.........             (no amulet)
HPRegen  0.06/turn              (no ring)
MPRegen  0.08/turn              (no ring)

@: very slow
A: large, see invisible, deformed body, poison resistance, slowness 2, slow
metabolism 1, spit poison 1, AC +0
a: Spit Poison


You were on level 2 of the Dungeon.
You were not hungry.

You visited 1 branch of the dungeon, and saw 2 of its levels.

Inventory:

Hand Weapons
 a - a +0 shortbow (weapon)
 b - a +1 dagger of holy wrath
 c - a +0 dagger of flaming
Missiles
 d - 19 arrows (quivered)
Armour
 e - a +0 robe (worn)
Potions
 g - a potion of curing {unknown}
 h - a potion of haste {unknown}
Comestibles
 f - a ration


   Skills:
 - Level 1.0 Fighting
 + Level 2.2 Bows
 - Level 1.5 Dodging
 - Level 1.0 Spellcasting
 - Level 3.0 Hexes


You had one spell level left.
You knew the following spells:

 Your Spells              Type           Power        Failure   Level  Hunger
a - Corona                Hex            #......      9%          1    ##.....

Your spell library contained the following spells:

 Spells                   Type           Power        Failure   Level  Hunger
 Slow                     Hex            #.......     12%         2    ###....
 Inner Flame              Hex/Fire       #.......     41%         3    ####...
 Portal Projectile        Hex/Tloc       #.....       41%         3    ####...
 Cause Fear               Hex            #.........   63%         4    #####..
 Leda's Liquefaction      Hex/Erth       #.........   83%         4    #####..


Dungeon Overview and Level Annotations

Branches:
Dungeon (2/15)

Altars:


Innate Abilities, Weirdness & Mutations

You cannot wear boots.
Your serpentine skin is tough. (AC +0)
You have supernaturally acute eyesight. (SInv)
Armour fits poorly on your strangely shaped body.
Your system is resistant to poisons. (rPois)
You cover ground very slowly.
You have a slow metabolism.
You can spit poison.


Message History

Aim: a hobgoblin (moderately wounded)
You shoot an arrow. The arrow hits the hobgoblin.
You kill the hobgoblin!
Firing (i - inventory)
d - 11 arrows (quivered)
Press: ? - help, Shift-Dir - straight line, f - you
Okay, then.
d - 15 arrows (gained 4)
Items here: )) †† a +1 dagger of holy wrath; a +0 dagger of flaming; a goblin corpse a kobold corpse
b - a +1 dagger of holy wrath;
c - a +0 dagger of flaming
d - 18 arrows (gained 3);
g - a murky grey potion You see here a bat corpse.
Found a silvery potion.
d - 19 arrows (gained 1)
h - a silvery potion
Found 21 arrows.
Found a stone staircase leading down.
A sky beast comes into view.
Found a club.
Are you sure you want to abandon this character and quit the game? (Confirm with "yes".)

## #....##.#.##.
#..#††..#....
#..#.########
#..#.........
###..#..#'#####
#....#.........
#####.#....#.......
##+#+#..................
#......@##..............
#..(....#########.......
#.......# #.......
#...>...# #.......
#.......# #.......
#.......# ########
#...Y.... #.......)


You could see a sky beast.

Vanquished Creatures
  A goblin (D:2)
  2 hobgoblins (D:2)
  A bat (D:2)
  A kobold (D:2)
5 creatures vanquished.

Notes
Turn   | Place    | Note
-------+----------+-------------------------------------------
     0 | D:1      | Lavandula the Naga Arcane Marksman began the quest for the
                  | Orb.
     0 | D:1      | Reached XP level 1. HP: 18/18 MP: 2/2
    89 | D:2      | Noticed a sky beast
    90 | D:2      | Quit the game

Illustrated notes

Levels and vault maps discovered:
D:1:      minmay_arrival_up_and_down, layout_basic, minivault_25
D:2:      layout_basic, overflow_temple_1_default, corexii_corridor_pit,
          uniq_jessica

Skill      XL: |  1 |
---------------+----+-----
Bows           | 2 |  2.2
Fighting       | |  1.0
Dodging        | |  1.5
Spellcasting   | |  1.0
Hexes          | |  3.0

Action                   || total
-------------------------++-------
 Fire: Shortbow          ||    10
 Abil: Spit Poison       ||     1
Armor: Robe              ||     2
Dodge: Dodged            ||     3
